 Dungeon Crawl Stone Soup version 0.17-a0-1767-gccbed74 (webtiles) character file.

2288 Leibowitz the Ducker (level 9, 78/78 HPs)
             Began as a Pale Draconian Monk on Sept 6, 2015.
             Was an Initiate of Gozag.
             Quit the game on level 7 of the Dungeon.
             The game lasted 00:30:43 (8706 turns).

Leibowitz the Ducker (Pale Draconian Monk)          Turns: 8706, Time: 00:30:44

Health: 78/78      AC:  9    Str: 14    XL:     9   Next: 17%
Magic:  9/9        EV: 17    Int: 11    God:    Gozag
Gold:   606        SH:  0    Dex: 16    Spells: 0 memorised, 8 levels left

rFire  . . .     SeeInvis .       - Unarmed
rCold  . . .     Clarity  .     (armour unavailable)
rNeg   . . .     SustAt   .     (no shield)
rPois  .         Gourm    .     (helmet restricted)
rElec  .         Spirit   .     (no cloak)
rCorr  .         Warding  .     y - +1 pair of gloves
rMut   .         Stasis   .     (no boots)
MR     .....                    (no amulet)
Stlth  +++.......               (no ring)
                                (no ring)

@: not resistant to hostile enchantments, fairly stealthy
A: breathe steam, unfitting armour, stinger 1, talons 1, deterioration 1,
cold-blooded, AC +7
a: Breathe Steam, Potion Petition, Call Merchant, Bribe Branch, Renounce
Religion


You were on level 7 of the Dungeon.
You worshipped Gozag.
Gozag was noncommittal.
You were not hungry.

You visited 2 branches of the dungeon, and saw 8 of its levels.

You collected 606 gold pieces.

Inventory:

Missiles
 j - 2 javelins (quivered)
 m - 37 poisoned needles
 z - 4 curare-tipped needles
Armour
 y - a +1 pair of gloves (worn)
Jewellery
 u - an uncursed amulet of stasis
 x - an uncursed ring of ice
Magical devices
 b - a wand of lightning (4)
 q - a wand of slowing (15)
 C - a wand of confusion (18)
 F - a wand of random effects (18)
Scrolls
 e - a scroll of fear
 k - 2 scrolls of amnesia
 A - a scroll of teleportation
 B - 2 scrolls of remove curse
Potions
 i - 2 potions of flight
 o - 2 potions of haste
 p - a potion of agility
 r - a potion of ambrosia
 s - 6 potions of curing
 t - 2 potions of brilliance
 w - a potion of resistance
 D - a potion of berserk rage
Comestibles
 a - 6 bread rations
 g - 3 beef jerkies
 v - a meat ration


   Skills:
 + Level 6.7 Fighting
 + Level 0.3 Throwing
 + Level 7.7 Dodging
 + Level 4.5 Stealth
 + Level 7.5 Unarmed Combat
 + Level 0.2 Evocations


You had 8 spell levels left.
You didn't know any spells.

Dungeon Overview and Level Annotations

Branches:
Dungeon (7/15)             Temple (1/1) D:6

Altars:
Ashenzari
Cheibriados
Elyvilon
Fedhas
Gozag
Kikubaaqudgha
Nemelex Xobeh
Okawaru
Qazlal
Ru
Sif Muna
Trog
Vehumet
Xom
Yredelemnul
Zin
The Shining One

Annotations:
D:4 Rationalist's ghost, experienced FoFi
D:5 cheese's ghost, experienced MiHu


Innate Abilities, Weirdness & Mutations

You can breathe blasts of scalding, opaque steam.
Your pale cyan-grey scales are hard (AC +7).
Your body does not fit into most forms of armour.
You are cold-blooded and may be slowed by cold attacks.
Your tail ends in a poisonous barb.
You have sharp toenails.
Your body sometimes deteriorates upon taking damage.


Message History

The hound is almost dead.
The hound pauses to sniff the ground.
The hound closely misses you. x2
You punch the hound!
You kill the hound!
You now have 606 gold pieces (gained 5).
There is a stone staircase leading up, spattered with blood here.
b - a wand of lightning
There is a stone staircase leading up, spattered with blood here.
Done exploring.
You see here a leather armour.
You see here 5 large rocks.
There is a stone staircase leading down here.
Save game and exit?
Okay, then.
Save game and exit?
Welcome back, Leibowitz the Pale Draconian Monk.
Gozag says: Greed is good.
Press ? for a list of commands and other information.
Are you sure you want to abandon this character and quit the game? (Confirm with "yes".)

#.#.# ##.# ###.# #.#.#######
#..# #...# #.#.......#
#.####.#.# #.#######.#
#.#....#.# #.## #.# #.#.######
#..### #.# #.#....#.#
##...####.###!####.#.#
##(#....(#.##..##..#.#
...#.#...##.....@....#
##.#.#......#####>####
#.#.#......# #.###############
#[#.#.....## #.##.............
#.#.#....#######.##.#######.####
##.#.#................######.#
#..#...##.####.##.##.........#
#.#######.# #.##.##.#########
#.# #.# #.##.##.#


There were no monsters in sight!

Vanquished Creatures
  A hungry ghost (D:7)
  Menkaure (D:6)
  A phantom (D:7)
  A black bear (D:6)
  3 ogres
  2 ice beasts
  A centaur (D:6)
  Blork the orc (D:6)
  2 giant frogs
  2 scorpions
  A water moccasin skeleton (D:6)
  2 crimson imps
  A giant frog zombie (D:6)
  A jelly (D:5)
  3 orc priests
  3 orc wizards
  4 worker ants
  A giant frog skeleton (D:4)
  4 hounds
  3 iguanas
  A hound zombie (D:7)
  11 gnolls
  12 adders
  2 worms
  6 adder skeletons
  4 giant geckos
  18 orcs
  6 bats
  3 giant cockroaches
  2 goblins
  6 hobgoblins
  17 jackals
  2 quokkas (D:3)
  4 ball pythons
  A giant gecko skeleton (D:5)
  A giant gecko zombie (D:7)
  6 giant newts
  6 kobolds
  2 quokka skeletons
  11 rats
159 creatures vanquished.

Notes
Turn   | Place    | Note
--------------------------------------------------------------
     0 | D:1      | Leibowitz the Draconian Monk began the quest for the Orb.
     0 | D:1      | Reached XP level 1. HP: 19/19 MP: 1/1
   106 | D:1      | Reached XP level 2. HP: 19/26 MP: 2/2
   670 | D:1      | Reached XP level 3. HP: 31/33 MP: 3/3
   783 | D:1      | Found a sparkling altar of Nemelex Xobeh.
  1032 | D:2      | Found a shimmering altar of Xom.
  1034 | D:2      | Found a shimmering altar of Xom.
  1035 | D:2      | Found a shimmering altar of Xom.
  1035 | D:2      | Found a shimmering altar of Xom.
  1036 | D:2      | Found a shimmering altar of Xom.
  1115 | D:2      | Found a radiant altar of Vehumet.
  1217 | D:2      | Found a sacrificial altar of Ru.
  1612 | D:2      | Found a shimmering altar of Xom.
  2136 | D:3      | Reached XP level 4. HP: 40/40 MP: 4/4
  2323 | D:3      | Found a sparkling altar of Nemelex Xobeh.
  2786 | D:3      | Reached XP level 5. HP: 35/46 MP: 5/5
  2869 | D:3      | Reached skill level 5 in Unarmed Combat
  2874 | D:3      | HP: 2/46 [orc/trident (7)]
  3285 | D:4      | Reached XP level 6. HP: 34/53 MP: 6/6
  3490 | D:4      | Noticed Rationalist's ghost (experienced FoFi)
  3647 | D:4      | Found a shattered altar of Ashenzari.
  4295 | D:4      | Found an opulent altar of Gozag.
  4323 | D:5      | Entered Level 5 of the Dungeon
  4392 | D:5      | Your scales start taking on a pale cyan-grey colour.
  4392 | D:5      | Reached XP level 7. HP: 34/60 MP: 7/7
  4861 | D:5      | Found a blossoming altar of Fedhas.
  4945 | D:5      | Reached skill level 5 in Dodging
  5052 | D:5      | Noticed cheese's ghost (experienced MiHu)
  5223 | D:4      | Reached skill level 5 in Fighting
  5345 | D:5      | Found a glowing golden altar of the Shining One.
  5680 | D:6      | Found a white marble altar of Elyvilon.
  5706 | D:6      | Noticed Blork the orc
  5713 | D:6      | Killed Blork the orc
  5713 | D:6      | Reached skill level 6 in Unarmed Combat
  5881 | D:6      | Reached XP level 8. HP: 49/69 MP: 8/8
  6121 | D:6      | Noticed Menkaure
  6139 | D:6      | Killed Menkaure
  6140 | D:6      | Gained mutation: Your tail ends in a poisonous barb. [potion of mutation]
  6140 | D:6      | Gained mutation: Your body sometimes deteriorates upon taking damage. [potion of mutation]
  6140 | D:6      | Gained mutation: You have sharp toenails. [potion of mutation]
  6344 | D:6      | Found a stormy altar of Qazlal.
  6603 | D:6      | Found a staircase to the Ecumenical Temple.
  6635 | Temple   | Entered the Ecumenical Temple
  6820 | D:6      | Reached skill level 7 in Dodging
  7006 | D:4      | Became a worshipper of Gozag Ym Sagoz the Greedy
  7789 | D:7      | Reached XP level 9. HP: 39/78 MP: 9/9
  8706 | D:7      | Quit the game

Vault maps used:
D:1:      dpeg_arrival_prison, nemelex_diamond_rough_becter
D:2:      xom_redecorated, vehumet_crystals, nicolae_ru_awakened_eye
D:3:      nemelex_xobeh_ov_fountains_minmay, minmay_cut_off
D:4:      lemuel_coloured_pillars_altar, nicolae_overflow_hidden_temple,
          first_bread
D:5:      tso_oasis_becter, fedhas_altar_3, hangedman_abyss_or_decor_passed
D:6:      nicolae_qazlal_general_emergency, elyvilon_altar_3,
          minmay_temple_entry_grid, uniq_menkaure, uniq_blork_the_orc
D:7:      serial_co_window_serial, co_window_of_opportunity_a,
          co_window_cross_1, co_window_paths_a, co_window_paths_a,
          co_window_of_opportunity_a, co_window_corner_a, co_window_corner_a,
          co_window_2corner, co_window_broadway_b, co_window_paths_c,
          co_window_paths_d, glass_columns_a, glass_columns_a, glass_columns_c
Temple:   minmay_temple_bridge_a_8

Action                   |  1- 3 |  4- 6 |  7- 9 || total
-------------------------+-------+-------+-------++-------
Melee: Unarmed           |   131 |   240 |   341 ||   712
Throw: Javelin           |       |       |     3 ||     3
 Abil: Breathe Steam     |       |       |     2 ||     2
Evoke: Wand              |       |       |     1 ||     1
  Use: Potion            |       |     4 |     5 ||     9
       Scroll            |       |     3 |    15 ||    18
 Stab: Sleeping          |     8 |     7 |     9 ||    24
       Distracted        |     1 |       |       ||     1
       Confused          |       |       |     1 ||     1
  Eat: Chunk             |     4 |     7 |     8 ||    19
       Pizza             |       |       |     1 ||     1
       Meat ration       |       |       |     3 ||     3
       Beef jerky        |       |       |     1 ||     1
